[ AOE2 MATCH · #485467006 ]
UnrankedVietnamese vs Britons
[ REPLAY ANALYSIS · EXTRACTED FROM THE RECORDED GAME ]
Feudal
9:16
Castle
24:03
Imperial
—
| APM avg | 49.6 |
| APM peak | 105 |
| eAPM avg | 15.3 |
| Villagers / military | 51 / 45 |
Focus
⚔️ 37.8% · 🌾 62.2%
Archer ×43 · Mangonel ×2
Feudal
9:40
Castle
24:35
Imperial
—
| APM avg | 31.6 |
| APM peak | 63 |
| eAPM avg | 14.2 |
| Villagers / military | 98 / 34 |
Focus
⚔️ 22.9% · 🌾 77.1%
Skirmisher ×18 · Battering Ram ×6 · Archer ×4 · Mangonel ×3 · Spearman ×3
Feudal
10:31
Castle
17:54
Imperial
—
| APM avg | 24.9 |
| APM peak | 45 |
| eAPM avg | 17.1 |
| Villagers / military | 74 / 22 |
Focus
⚔️ 37.6% · 🌾 62.4%
Hussite Wagon ×12 · Monk ×4 · Spearman ×4 · Militia ×2
Feudal
9:16
Castle
23:33
Imperial
—
| APM avg | 79.9 |
| APM peak | 150 |
| eAPM avg | 32.0 |
| Villagers / military | 90 / 38 |
Focus
⚔️ 28.1% · 🌾 71.9%
Knight ×20 · Scout Cavalry ×13 · Mangonel ×3 · Spearman ×2
Match map
Initial resources + every placement click. Lines = walls · curves = elevation contours. ◆ gold · ⬟ stone · ● berries · ✦ relic · ◌ wall gap
Your base· Open — unwalled flank
elbonomecito's base· Open — unwalled flank
PeacefulFarmer's base· Open — unwalled flank
XEVER | Masa!'s base· Open — 7t gap
Smoothed initial terrain · ◌ = detected wall gap · hover for details
Inputs per minute
— DS_Gitano Urbano - - elbonomecito
Build order — DS_Gitano Urbano
First 150 of 162 actions detected
| 0:00 | Create | Villager (Male) ×4 |
| 0:02 | Build | House |
| 0:04 | Build | House |
| 1:26 | Research | Loom |
| 1:59 | Create | Villager (Male) |
| 1:59 | Create | Villager (Male) |
| 2:12 | Create | Villager (Male) |
| 2:29 | Create | Villager (Male) |
| 2:50 | Build | Lumber Camp |
| 2:59 | Create | Villager (Male) |
| 3:26 | Build | House |
| 3:50 | Create | Villager (Male) |
| 4:01 | Create | Villager (Male) |
| 4:03 | Build | House |
| 4:44 | Create | Villager (Male) |
| 4:49 | Create | Villager (Male) |
| 5:06 | Create | Villager (Male) |
| 5:18 | Create | Villager (Male) |
| 5:37 | Create | Villager (Male) |
| 5:59 | Build | Mill |
| 7:00 | Research | Feudal Age |
| 7:32 | Build | Mining Camp |
| 7:45 | Build | Barracks |
| 8:21 | Build | Mining Camp |
| 8:35 | Create | Villager (Male) |
| 8:39 | Build | House |
| 8:51 | Create | Villager (Male) |
| 9:16 | Age | Feudal Age |
| 9:35 | Build | Archery Range |
| 9:37 | Research | Double-Bit Axe |
| 9:52 | Create | Villager (Male) |
| 10:01 | Build | Archery Range |
| 10:06 | Research | Gold Mining |
| 10:13 | Create | Villager (Male) |
| 10:39 | Create | Villager (Male) |
| 10:57 | Create | Archer |
| 10:57 | Create | Archer |
| 10:57 | Create | Archer |
| 11:16 | Create | Archer |
| 11:33 | Create | Villager (Male) |
| 11:34 | Create | Villager (Male) |
| 11:49 | Build | House |
| 11:51 | Create | Archer |
| 11:55 | Create | Archer |
| 12:04 | Build | Blacksmith |
| 12:19 | Create | Archer |
| 12:24 | Create | Villager (Male) |
| 12:33 | Create | Archer |
| 12:56 | Research | Fletching |
| 13:39 | Create | Archer |
| 13:39 | Create | Archer |
| 13:53 | Create | Villager (Male) |
| 13:56 | Build | House |
| 14:19 | Create | Archer |
| 14:19 | Create | Archer |
| 14:24 | Build | Farm |
| 14:24 | Build | Farm |
| 14:24 | Build | Farm |
| 14:25 | Build | Farm |
| 14:25 | Build | Farm |
| 14:32 | Create | Villager (Male) |
| 14:53 | Create | Archer |
| 14:57 | Build | House |
| 15:07 | Build | Farm |
| 15:16 | Research | Horse Collar |
| 15:19 | Create | Archer |
| 15:20 | Create | Archer |
| 15:24 | Create | Archer |
| 15:24 | Create | Archer |
| 16:00 | Create | Archer |
| 16:00 | Create | Archer |
| 16:01 | Create | Villager (Male) |
| 16:02 | Create | Villager (Male) |
| 16:02 | Create | Villager (Male) |
| 16:16 | Build | House |
| 16:20 | Create | Archer |
| 16:49 | Create | Villager (Male) |
| 17:02 | Create | Villager (Male) |
| 17:21 | Research | Wheelbarrow |
| 17:56 | Create | Villager (Male) |
| 18:15 | Build | House |
| 18:19 | Research | Town Watch |
| 18:35 | Create | Archer |
| 19:06 | Create | Villager (Male) |
| 19:10 | Build | Market |
| 19:14 | Build | Farm |
| 19:26 | Create | Archer |
| 20:30 | Create | Villager (Male) |
| 20:33 | Build | Farm |
| 20:33 | Build | Farm |
| 20:34 | Build | Farm |
| 20:34 | Build | Farm |
| 20:34 | Build | Farm |
| 20:34 | Build | Farm |
| 20:35 | Build | Farm |
| 20:35 | Build | Farm |
| 20:35 | Build | Farm |
| 20:58 | Create | Villager (Male) |
| 21:04 | Build | Farm |
| 21:15 | Research | Castle Age |
| 21:19 | Create | Archer |
| 21:19 | Create | Archer |
| 21:20 | Create | Archer |
| 21:21 | Create | Archer |
| 21:43 | Build | Lumber Camp |
| 21:49 | Build | Mining Camp |
| 21:55 | Research | Stone Mining |
| 21:58 | Research | Padded Archer Armor |
| 21:59 | Create | Archer |
| 22:00 | Create | Archer |
| 22:07 | Create | Archer |
| 22:08 | Create | Archer |
| 22:19 | Create | Archer |
| 22:21 | Create | Villager (Male) |
| 22:22 | Create | Villager (Male) |
| 22:59 | Build | House |
| 23:07 | Build | House |
| 23:24 | Create | Archer |
| 24:03 | Age | Castle Age |
| 24:06 | Research | Crossbowman (upgrade) |
| 24:07 | Research | Bodkin Arrow |
| 24:17 | Build | University |
| 24:49 | Create | Archer |
| 24:49 | Create | Archer |
| 24:57 | Build | Siege Workshop |
| 25:01 | Create | Archer |
| 25:13 | Create | Villager (Male) |
| 25:13 | Create | Villager (Male) |
| 25:16 | Research | Bow Saw |
| 25:18 | Research | Heavy Plow |
| 25:20 | Research | Stone Shaft Mining |
| 25:28 | Create | Villager (Male) |
| 25:32 | Create | Mangonel |
| 25:53 | Build | House |
| 25:57 | Research | Hand Cart |
| 25:59 | Create | Villager (Male) |
| 26:04 | Create | Archer |
| 26:05 | Create | Archer |
| 26:16 | Create | Villager (Male) |
| 26:33 | Create | Archer |
| 26:33 | Create | Archer |
| 26:42 | Create | Villager (Male) |
| 27:00 | Build | Farm |
| 27:01 | Build | Farm |
| 27:10 | Create | Archer |
| 27:23 | Create | Villager (Male) |
| 27:27 | Build | House |
| 27:29 | Create | Villager (Male) |
| 27:41 | Create | Mangonel |
| 27:51 | Create | Villager (Male) |
Build order — elbonomecito
First 150 of 215 actions detected
| 0:02 | Create | Villager (Male) |
| 0:02 | Create | Villager (Male) |
| 0:02 | Create | Villager (Male) |
| 0:02 | Create | Villager (Male) |
| 0:04 | Build | House |
| 0:07 | Build | House |
| 1:20 | Create | Villager (Male) |
| 1:20 | Create | Villager (Male) |
| 1:57 | Create | Villager (Male) |
| 1:57 | Create | Villager (Male) |
| 2:13 | Build | Lumber Camp |
| 2:17 | Create | Villager (Male) |
| 2:18 | Create | Villager (Male) |
| 2:45 | Create | Villager (Male) |
| 2:45 | Create | Villager (Male) |
| 3:13 | Create | Villager (Male) |
| 3:13 | Create | Villager (Male) |
| 3:35 | Build | House |
| 3:58 | Create | Villager (Male) |
| 3:59 | Create | Villager (Male) |
| 4:06 | Build | House |
| 4:13 | Create | Villager (Male) |
| 4:13 | Create | Villager (Male) |
| 4:14 | Create | Villager (Male) |
| 4:23 | Create | Villager (Male) |
| 4:24 | Create | Villager (Male) |
| 4:24 | Create | Villager (Male) |
| 4:35 | Create | Villager (Male) |
| 4:35 | Create | Villager (Male) |
| 4:57 | Build | Mill |
| 4:59 | Create | Villager (Male) |
| 5:18 | Create | Villager (Male) |
| 5:18 | Create | Villager (Male) |
| 5:46 | Research | Loom |
| 6:58 | Build | Mining Camp |
| 7:30 | Research | Feudal Age |
| 7:30 | Research | Feudal Age |
| 7:30 | Research | Feudal Age |
| 8:05 | Create | Villager (Male) |
| 8:27 | Build | Barracks |
| 8:43 | Create | Villager (Male) |
| 8:51 | Build | House |
| 9:40 | Age | Feudal Age |
| 9:42 | Build | Archery Range |
| 9:46 | Research | Double-Bit Axe |
| 9:47 | Research | Double-Bit Axe |
| 10:02 | Research | Horse Collar |
| 10:02 | Research | Horse Collar |
| 10:02 | Research | Horse Collar |
| 10:30 | Create | Villager (Male) |
| 10:33 | Create | Archer |
| 10:33 | Create | Archer |
| 10:33 | Create | Archer |
| 10:39 | Build | Farm |
| 10:54 | Build | House |
| 10:59 | Build | Palisade Wall |
| 11:03 | Build | Farm |
| 11:04 | Create | Villager (Male) |
| 11:05 | Create | Villager (Male) |
| 11:05 | Create | Villager (Male) |
| 11:44 | Create | Archer |
| 11:46 | Create | Villager (Male) |
| 11:58 | Build | Blacksmith |
| 12:04 | Build | Farm |
| 12:07 | Create | Villager (Male) |
| 12:07 | Create | Villager (Male) |
| 12:40 | Build | Farm |
| 12:42 | Create | Villager (Male) |
| 12:42 | Create | Villager (Male) |
| 12:54 | Create | Skirmisher |
| 13:04 | Create | Villager (Male) |
| 13:04 | Create | Villager (Male) |
| 13:11 | Build | Farm |
| 13:15 | Build | Farm |
| 13:16 | Build | Farm |
| 13:42 | Create | Skirmisher |
| 13:42 | Create | Skirmisher |
| 13:42 | Create | Skirmisher |
| 13:42 | Create | Skirmisher |
| 13:47 | Build | Farm |
| 13:52 | Build | Farm |
| 13:55 | Build | Farm |
| 13:57 | Build | Farm |
| 14:13 | Create | Villager (Male) |
| 14:24 | Build | Farm |
| 14:32 | Create | Villager (Male) |
| 14:32 | Create | Villager (Male) |
| 14:35 | Build | Farm |
| 14:38 | Build | Farm |
| 14:45 | Build | Farm |
| 14:48 | Create | Villager (Male) |
| 15:07 | Build | Farm |
| 15:09 | Research | Fletching |
| 15:09 | Research | Fletching |
| 15:21 | Create | Villager (Male) |
| 15:21 | Create | Villager (Male) |
| 15:31 | Create | Skirmisher |
| 15:31 | Create | Skirmisher |
| 15:32 | Create | Skirmisher |
| 15:32 | Create | Skirmisher |
| 15:51 | Create | Villager (Male) |
| 15:52 | Create | Villager (Male) |
| 16:12 | Build | House |
| 16:13 | Build | House |
| 16:32 | Research | Padded Archer Armor |
| 16:32 | Research | Padded Archer Armor |
| 16:38 | Create | Villager (Male) |
| 16:38 | Create | Villager (Male) |
| 16:52 | Create | Spearman |
| 17:10 | Create | Skirmisher |
| 17:10 | Create | Skirmisher |
| 17:10 | Create | Skirmisher |
| 17:11 | Create | Skirmisher |
| 17:59 | Create | Skirmisher |
| 18:00 | Create | Skirmisher |
| 18:07 | Build | House |
| 18:11 | Build | Palisade Wall |
| 18:13 | Build | Palisade Wall |
| 18:46 | Create | Villager (Male) |
| 18:46 | Create | Villager (Male) |
| 19:03 | Create | Spearman |
| 19:03 | Create | Spearman |
| 19:39 | Build | Farm |
| 19:40 | Build | Farm |
| 19:42 | Create | Villager (Male) |
| 19:42 | Create | Villager (Male) |
| 19:43 | Create | Villager (Male) |
| 19:43 | Create | Villager (Male) |
| 20:37 | Create | Villager (Male) |
| 20:37 | Create | Villager (Male) |
| 20:40 | Build | Farm |
| 20:44 | Build | Farm |
| 20:45 | Build | Farm |
| 20:46 | Build | Farm |
| 21:20 | Build | Farm |
| 21:24 | Build | Farm |
| 21:28 | Build | Farm |
| 21:50 | Build | Market |
| 21:55 | Research | Castle Age |
| 21:55 | Research | Castle Age |
| 21:55 | Research | Castle Age |
| 22:15 | Research | Stone Mining |
| 22:21 | Research | Gold Mining |
| 22:21 | Research | Gold Mining |
| 22:35 | Build | House |
| 23:29 | Create | Villager (Male) |
| 23:34 | Build | Archery Range |
| 23:36 | Build | Archery Range |
| 23:37 | Build | Archery Range |
| 24:26 | Create | Skirmisher |
Build order — PeacefulFarmer
First 150 of 156 actions detected
| 0:00 | Create | Villager (Male) |
| 0:00 | Create | Villager (Male) |
| 0:00 | Create | Villager (Male) |
| 0:00 | Create | Villager (Male) |
| 0:00 | Create | Villager (Male) |
| 0:00 | Create | Villager (Male) |
| 0:01 | Build | House |
| 0:02 | Build | House |
| 1:27 | Create | Villager (Male) |
| 1:27 | Create | Villager (Male) |
| 1:27 | Create | Villager (Male) |
| 2:05 | Create | Villager (Male) |
| 2:05 | Create | Villager (Male) |
| 2:05 | Create | Villager (Male) |
| 2:27 | Create | Villager (Male) |
| 2:27 | Create | Villager (Male) |
| 2:27 | Create | Villager (Male) |
| 2:39 | Build | Lumber Camp |
| 3:14 | Create | Villager (Male) |
| 3:14 | Create | Villager (Male) |
| 3:14 | Create | Villager (Male) |
| 3:39 | Create | Villager (Male) |
| 3:40 | Create | Villager (Male) |
| 3:40 | Create | Villager (Male) |
| 3:56 | Build | House |
| 4:23 | Create | Villager (Male) |
| 4:23 | Create | Villager (Male) |
| 4:23 | Create | Villager (Male) |
| 4:24 | Create | Villager (Male) |
| 4:27 | Build | House |
| 4:40 | Create | Villager (Male) |
| 4:41 | Create | Villager (Male) |
| 4:41 | Create | Villager (Male) |
| 5:03 | Create | Villager (Male) |
| 5:03 | Create | Villager (Male) |
| 5:03 | Create | Villager (Male) |
| 5:07 | Create | Villager (Male) |
| 5:07 | Create | Villager (Male) |
| 5:07 | Create | Villager (Male) |
| 5:10 | Build | Mill |
| 6:51 | Build | Palisade Wall |
| 6:57 | Create | Villager (Male) |
| 7:21 | Research | Loom |
| 7:26 | Research | Loom |
| 7:28 | Create | Villager (Male) |
| 7:30 | Research | Loom |
| 8:07 | Research | Feudal Age |
| 8:37 | Build | Barracks |
| 8:45 | Build | House |
| 8:47 | Build | Palisade Wall |
| 8:49 | Build | Palisade Wall |
| 8:53 | Build | House |
| 8:54 | Build | Palisade Wall |
| 9:40 | Create | Militia |
| 9:40 | Create | Militia |
| 9:44 | Build | Palisade Wall |
| 10:15 | Build | Mining Camp |
| 10:31 | Age | Feudal Age |
| 10:35 | Create | Villager (Male) |
| 10:37 | Create | Spearman |
| 10:48 | Build | Palisade Wall |
| 10:53 | Research | Double-Bit Axe |
| 10:55 | Create | Spearman |
| 11:09 | Build | Market |
| 11:17 | Create | Spearman |
| 11:34 | Create | Villager (Male) |
| 11:36 | Create | Spearman |
| 11:45 | Build | Blacksmith |
| 12:06 | Build | Palisade Gate |
| 12:08 | Build | Palisade Wall |
| 12:15 | Create | Villager (Male) |
| 12:22 | Build | Mining Camp |
| 12:29 | Build | Mining Camp |
| 12:43 | Create | Villager (Male) |
| 12:58 | Build | Farm |
| 13:18 | Create | Villager (Male) |
| 13:24 | Build | House |
| 14:18 | Build | Farm |
| 15:00 | Build | Farm |
| 15:14 | Research | Castle Age |
| 16:08 | Build | Farm |
| 16:12 | Build | Farm |
| 16:30 | Build | Watch Tower |
| 16:38 | Build | House |
| 16:42 | Build | House |
| 16:49 | Build | Gate |
| 17:16 | Create | Villager (Male) |
| 17:16 | Create | Villager (Male) |
| 17:16 | Create | Villager (Male) |
| 17:16 | Create | Villager (Male) |
| 17:16 | Create | Villager (Male) |
| 17:16 | Create | Villager (Male) |
| 17:54 | Age | Castle Age |
| 18:46 | Build | House |
| 18:59 | Build | House |
| 19:36 | Build | Castle |
| 19:37 | Build | House |
| 20:44 | Create | Villager (Male) |
| 20:46 | Build | Farm |
| 21:14 | Build | Farm |
| 21:20 | Build | Palisade Wall |
| 21:26 | Create | Hussite Wagon |
| 21:26 | Create | Hussite Wagon |
| 21:38 | Create | Villager (Male) |
| 21:48 | Create | Hussite Wagon |
| 22:01 | Create | Villager (Male) |
| 22:05 | Create | Hussite Wagon |
| 22:20 | Create | Villager (Male) |
| 22:22 | Build | Farm |
| 22:31 | Build | Lumber Camp |
| 22:41 | Create | Villager (Male) |
| 22:58 | Build | Farm |
| 23:22 | Build | Farm |
| 23:32 | Research | Bow Saw |
| 23:32 | Research | Bow Saw |
| 23:45 | Create | Villager (Male) |
| 23:45 | Create | Villager (Male) |
| 23:45 | Create | Villager (Male) |
| 24:08 | Create | Hussite Wagon |
| 24:10 | Create | Villager (Male) |
| 24:41 | Create | Hussite Wagon |
| 24:42 | Create | Villager (Male) |
| 24:42 | Create | Villager (Male) |
| 24:42 | Create | Villager (Male) |
| 25:10 | Create | Hussite Wagon |
| 25:10 | Create | Villager (Male) |
| 25:10 | Create | Villager (Male) |
| 25:10 | Create | Villager (Male) |
| 25:10 | Create | Villager (Male) |
| 25:10 | Create | Villager (Male) |
| 25:10 | Create | Villager (Male) |
| 25:52 | Build | Monastery |
| 26:02 | Create | Villager (Male) |
| 26:08 | Build | Farm |
| 26:11 | Research | Horse Collar |
| 26:45 | Create | Villager (Male) |
| 26:47 | Create | Monk |
| 26:58 | Build | Monastery |
| 27:09 | Create | Villager (Male) |
| 27:15 | Research | Sanctity |
| 27:18 | Research | Redemption |
| 27:33 | Create | Hussite Wagon |
| 27:33 | Create | Hussite Wagon |
| 27:34 | Create | Villager (Male) |
| 28:07 | Create | Villager (Male) |
| 28:32 | Research | Redemption |
| 28:34 | Create | Villager (Male) |
| 28:35 | Create | Hussite Wagon |
| 28:37 | Create | Monk |
| 28:38 | Create | Villager (Male) |
Build order — XEVER | Masa!
First 150 of 233 actions detected
| 0:01 | Create | Villager (Male) |
| 0:01 | Create | Villager (Male) |
| 0:02 | Build | House |
| 0:03 | Build | House |
| 0:12 | Create | Villager (Male) |
| 0:12 | Create | Villager (Male) |
| 1:32 | Create | Villager (Male) |
| 1:32 | Create | Villager (Male) |
| 2:02 | Create | Villager (Male) |
| 2:02 | Create | Villager (Male) |
| 2:02 | Create | Villager (Male) |
| 2:47 | Create | Villager (Male) |
| 2:47 | Create | Villager (Male) |
| 2:47 | Create | Villager (Male) |
| 3:08 | Create | Villager (Male) |
| 3:08 | Create | Villager (Male) |
| 3:10 | Build | Lumber Camp |
| 3:57 | Build | House |
| 4:03 | Create | Villager (Male) |
| 4:03 | Create | Villager (Male) |
| 4:14 | Create | Villager (Male) |
| 4:15 | Create | Villager (Male) |
| 4:41 | Create | Villager (Male) |
| 4:42 | Create | Villager (Male) |
| 5:01 | Create | Villager (Male) |
| 5:20 | Create | Villager (Male) |
| 5:32 | Build | Mill |
| 5:52 | Research | Loom |
| 7:02 | Research | Feudal Age |
| 7:02 | Research | Feudal Age |
| 7:29 | Build | Farm |
| 8:33 | Build | Farm |
| 8:34 | Create | Villager (Male) |
| 8:35 | Create | Villager (Male) |
| 8:39 | Build | Barracks |
| 8:40 | Build | House |
| 9:05 | Build | Farm |
| 9:16 | Age | Feudal Age |
| 9:23 | Create | Villager (Male) |
| 9:31 | Build | House |
| 9:37 | Build | Stable |
| 9:53 | Build | Farm |
| 9:59 | Build | Farm |
| 10:01 | Build | Farm |
| 10:09 | Build | Farm |
| 10:12 | Create | Spearman |
| 10:20 | Create | Villager (Male) |
| 10:22 | Create | Scout Cavalry |
| 10:23 | Create | Scout Cavalry |
| 10:23 | Create | Scout Cavalry |
| 10:23 | Create | Scout Cavalry |
| 10:30 | Build | Farm |
| 10:57 | Create | Scout Cavalry |
| 11:03 | Build | Farm |
| 11:09 | Build | Farm |
| 11:15 | Create | Scout Cavalry |
| 11:26 | Create | Villager (Male) |
| 11:44 | Create | Spearman |
| 11:53 | Create | Villager (Male) |
| 12:00 | Build | House |
| 12:01 | Build | House |
| 12:02 | Build | House |
| 12:11 | Create | Scout Cavalry |
| 12:20 | Create | Villager (Male) |
| 12:20 | Create | Villager (Male) |
| 12:33 | Create | Villager (Male) |
| 12:53 | Research | Double-Bit Axe |
| 13:17 | Create | Villager (Male) |
| 13:36 | Create | Villager (Male) |
| 13:37 | Create | Scout Cavalry |
| 13:50 | Build | Blacksmith |
| 13:52 | Create | Villager (Male) |
| 13:56 | Build | Mining Camp |
| 14:20 | Create | Villager (Male) |
| 14:24 | Create | Villager (Male) |
| 14:28 | Build | Palisade Wall |
| 14:36 | Build | House |
| 14:38 | Build | Palisade Wall |
| 14:42 | Build | Palisade Wall |
| 14:52 | Build | Palisade Gate |
| 14:55 | Create | Scout Cavalry |
| 14:57 | Create | Villager (Male) |
| 15:19 | Research | Scale Barding Armor |
| 15:19 | Research | Scale Barding Armor |
| 15:37 | Build | Stable |
| 15:41 | Create | Villager (Male) |
| 16:08 | Create | Villager (Male) |
| 16:12 | Create | Villager (Male) |
| 16:15 | Build | Farm |
| 16:17 | Build | Farm |
| 16:25 | Create | Villager (Male) |
| 16:27 | Build | Lumber Camp |
| 16:40 | Create | Villager (Male) |
| 16:47 | Build | Farm |
| 17:04 | Create | Villager (Male) |
| 17:07 | Build | Farm |
| 17:24 | Create | Scout Cavalry |
| 17:24 | Create | Scout Cavalry |
| 17:25 | Create | Scout Cavalry |
| 17:44 | Create | Villager (Male) |
| 17:44 | Create | Villager (Male) |
| 17:55 | Create | Scout Cavalry |
| 18:23 | Create | Villager (Male) |
| 18:24 | Create | Villager (Male) |
| 18:51 | Create | Villager (Male) |
| 18:57 | Build | House |
| 18:59 | Build | Market |
| 19:28 | Create | Villager (Male) |
| 19:39 | Research | Wheelbarrow |
| 19:39 | Research | Wheelbarrow |
| 19:42 | Build | Farm |
| 19:43 | Build | Farm |
| 19:49 | Build | Farm |
| 19:51 | Build | Farm |
| 19:52 | Build | Farm |
| 20:00 | Build | Farm |
| 20:35 | Build | Farm |
| 20:36 | Build | Farm |
| 20:42 | Research | Castle Age |
| 20:42 | Research | Castle Age |
| 20:46 | Build | House |
| 20:47 | Build | House |
| 21:03 | Build | Farm |
| 21:06 | Research | Town Watch |
| 21:07 | Create | Villager (Male) |
| 21:08 | Create | Villager (Male) |
| 21:25 | Build | House |
| 21:27 | Build | House |
| 21:40 | Build | Palisade Gate |
| 21:43 | Build | Palisade Wall |
| 22:00 | Build | House |
| 22:09 | Build | Palisade Gate |
| 22:13 | Build | Palisade Wall |
| 22:32 | Build | Farm |
| 22:43 | Research | Gold Mining |
| 22:43 | Research | Gold Mining |
| 23:12 | Build | Farm |
| 23:24 | Build | Farm |
| 23:33 | Age | Castle Age |
| 23:36 | Build | Town Center |
| 23:40 | Create | Knight |
| 23:40 | Create | Knight |
| 23:41 | Create | Knight |
| 23:41 | Create | Knight |
| 23:48 | Build | Siege Workshop |
| 23:52 | Research | Chain Barding Armor |
| 23:55 | Create | Knight |
| 23:58 | Create | Villager (Male) |
| 24:00 | Create | Villager (Male) |
| 24:18 | Research | Bow Saw |
Match timeline
| 6:51 | PeacefulFarmer · wall_segment Palisade Wall x8 |
| 7:45 | DS_Gitano Urbano · first_building Barracks |
| 8:27 | elbonomecito · first_building Barracks |
| 8:37 | PeacefulFarmer · first_building Barracks |
| 8:39 | XEVER | Masa! · first_building Barracks |
| 8:47 | PeacefulFarmer · wall_segment Palisade Wall x1 |
| 8:49 | PeacefulFarmer · wall_segment Palisade Wall x1 |
| 8:54 | PeacefulFarmer · wall_segment Palisade Wall x1 |
| 9:16 | DS_Gitano Urbano · age_up feudal |
| 9:16 | XEVER | Masa! · age_up feudal |
| 9:35 | DS_Gitano Urbano · first_building Archery Range |
| 9:37 | XEVER | Masa! · first_building Stable |
| 9:40 | elbonomecito · age_up feudal |
| 9:42 | elbonomecito · first_building Archery Range |
| 9:44 | PeacefulFarmer · wall_segment Palisade Wall x5 |
| 10:31 | PeacefulFarmer · age_up feudal |
| 10:48 | PeacefulFarmer · wall_segment Palisade Wall x5 |
| 10:59 | elbonomecito · wall_segment Palisade Wall x8 |
| 12:08 | PeacefulFarmer · wall_segment Palisade Wall x1 |
| 13:49 | PeacefulFarmer · first_market_sell 100 wood |
| 14:21 | PeacefulFarmer · first_market_buy 100 food |
| 14:28 | XEVER | Masa! · wall_segment Palisade Wall x1 |
| 14:38 | XEVER | Masa! · wall_segment Palisade Wall x2 |
| 14:42 | XEVER | Masa! · wall_segment Palisade Wall x7 |
| 17:54 | PeacefulFarmer · age_up castle |
| 18:11 | elbonomecito · wall_segment Palisade Wall x1 |
| 18:13 | elbonomecito · wall_segment Palisade Wall x1 |
| 19:36 | PeacefulFarmer · first_building Castle |
| 20:41 | XEVER | Masa! · first_market_buy 100 food |
| 21:13 | DS_Gitano Urbano · first_market_buy 100 food |
| 21:20 | PeacefulFarmer · wall_segment Palisade Wall x1 |
| 21:43 | XEVER | Masa! · wall_segment Palisade Wall x1 |
| 22:13 | XEVER | Masa! · wall_segment Palisade Wall x1 |
| 23:33 | XEVER | Masa! · age_up castle |
| 23:48 | XEVER | Masa! · first_building Siege Workshop |
| 24:03 | DS_Gitano Urbano · age_up castle |
| 24:35 | elbonomecito · age_up castle |
| 24:57 | DS_Gitano Urbano · first_building Siege Workshop |
| 25:26 | elbonomecito · first_building Siege Workshop |
| 25:52 | PeacefulFarmer · first_building Monastery |
| 26:15 | elbonomecito · first_market_sell 100 wood |
| 26:33 | elbonomecito · first_market_buy 100 stone |
| 28:35 | DS_Gitano Urbano · first_building Castle |
| 29:29 | elbonomecito · first_building Castle |
| 30:44 | elbonomecito · resign |
[ AI ANALYSIS · 1 CREDIT ]
What really happened in this match?
Wolo.gg analyzes every decision: build order, eco, micro, common mistakes by bracket. Personalized analysis on WhatsApp or Discord in 30 seconds.
Civ guide
Vietnamese
Perfil
Jugador #352739